[Event "ICC tourney 2940 (30 10)"]
[Site "Internet Chess Club"]
[Date "2022.06.18"]
[Round "2"]
[White "LOCHAM, DIVJOT SINGH:winner08"]
[Black "TAO, SIHAN:K06-16931716"]
[Result "0-1"]
[ICCResult "White checkmated"]
[WhiteElo "1750"]
[BlackElo "1894"]
[Opening "Sicilian: Canal-Sokolsky (Nimzovich-Rossolimo, Moscow) attack"]
[ECO "B51"]
[NIC "SI.01"]
[Time "14:00:19"]
[PlyCount "132"]
[TimeControl "1800+10"]

1. e4 c5 2. Nf3 d6 3. Bb5+ Nd7 4. O-O a6 5. Bc4 Ngf6 6. Bd3 b5 7. c3 Bb7 8.
Re1 c4 9. Bc2 Nc5 10. e5 dxe5 11. Nxe5 e6 12. d4 cxd3 13. Nxd3 Nxd3 14. Qxd3
Qxd3 15. Bxd3 O-O-O 16. Bc2 Bc5 17. Nd2 Rd7 18. Nb3 Bb6 19. Be3 Bxe3 20.
Rxe3 Rhd8 21. Ree1 h6 22. Rad1 Bd5 23. Nd4 Kb7 24. a3 Kb6 25. f3 Ne8 26. a4
Nd6 27. axb5 axb5 28. Bd3 Nc4 29. Rb1 Ra8 30. Nxb5 Kxb5 31. b3 Kc5 32. bxc4
Bxc4 33. Bxc4 Kxc4 34. Rbc1 Ra2 35. Re4+ Kc5 36. Re5+ Kc6 37. Re4 h5 38.
Rc4+ Kb5 39. Rd4 Rc7 40. c4+ Kc5 41. Rcd1 g6 42. Rd7 Raa7 43. Rxc7+ Rxc7 44.
Rc1 Kd4 45. Kf2 Rxc4 46. Rd1+ Ke5 47. Rd7 f5 48. Kg3 g5 49. Rh7 h4+ 50. Kf2
Rc2+ 51. Kf1 Kf4 52. Rf7 h3 53. Ra7 Rxg2 54. Ra4+ Kxf3 55. Ra3+ Kg4 56. Ra4+
f4 57. Ra3 Rxh2 58. Kg1 Rb2 59. Kh1 e5 60. Kg1 e4 61. Kh1 e3 62. Ra1 e2 63.
Re1 f3 64. Rg1+ Kf4 65. Rg3 Kxg3 66. Kg1 Rb1# {White checkmated} 0-1

[Event "ICC tourney 2940 (30 10)"]
[Site "Internet Chess Club"]
[Date "2022.06.18"]
[Round "3"]
[White "Doan Giang, Nguyen Doan:Doctorstrange04"]
[Black "PRIYADARSHI, VED:ved2006"]
[Result "1-0"]
[ICCResult "Black resigns"]
[WhiteElo "1750"]
[BlackElo "1603"]
[Opening "Queen's pawn: Chigorin variation"]
[ECO "D00"]
[NIC "QP.08"]
[Time "16:00:25"]
[PlyCount "91"]
[TimeControl "1800+10"]

1. d4 d5 2. Nc3 Nf6 3. Bf4 e6 4. e3 a6 5. Bd3 c5 6. dxc5 Bxc5 7. Nf3 Nc6 8.
O-O h6 9. e4 dxe4 10. Nxe4 Nxe4 11. Bxe4 Qf6 12. Bd6 Bxd6 13. Qxd6 Bd7 14.
Rad1 Qd8 15. Ne5 Nxe5 16. Qxe5 O-O 17. Bxb7 Ra7 18. Bc6 Qe7 19. Bxd7 Rxd7
20. Rd4 Rc8 21. c4 Rdc7 22. b3 Qa3 23. Rg4 g6 24. Qe2 a5 25. Rd4 a4 26. Rd3
Rb7 27. Qe3 h5 28. Rfd1 Qxa2 29. Qe5 Rbb8 30. bxa4 Qxa4 31. c5 Qc6 32. Rc1
Rb5 33. h3 Rxc5 34. Rxc5 Qxc5 35. Rd8+ Qf8 36. Rxf8+ Rxf8 37. Kh2 Rd8 38.
Kg3 Rd3+ 39. f3 Rd5 40. Qb2 Kh7 41. f4 Rd3+ 42. Kh4 Rd5 43. g4 Rc5 44. Qf6
Kg8 45. Qd8+ Kg7 46. Qd4+ {Black resigns} 1-0

[Event "ICC tourney 2940 (30 10)"]
[Site "Internet Chess Club"]
[Date "2022.06.18"]
[Round "3"]
[White "SARAFUDINOV, ANDREY:whyyoutrysohard"]
[Black "MARKOVIC, GORAN:Goran21"]
[Result "0-1"]
[ICCResult "White resigns"]
[WhiteElo "1569"]
[BlackElo "1805"]
[Opening "King's Indian: fianchetto, lesser Simagin (Spassky) variation"]
[ECO "E62"]
[NIC "KI.72"]
[Time "16:00:34"]
[PlyCount "88"]
[TimeControl "1800+10"]

1. d4 Nf6 2. c4 g6 3. Nf3 Bg7 4. g3 O-O 5. Bg2 d6 6. O-O Nc6 7. Nc3 Bf5 8.
h3 Ne4 9. Nh4 Nxc3 10. bxc3 Bd7 11. e4 e5 12. Be3 f5 13. exf5 gxf5 14. Bd5+
Kh8 15. Qh5 Qe8 16. Qxe8 Raxe8 17. Rad1 f4 18. gxf4 exf4 19. Bc1 Bxh3 20.
Rfe1 Rxe1+ 21. Rxe1 Bf6 22. Ng2 Bg5 23. Re4 Bf5 24. Re1 h6 25. Nxf4 Nd8 26.
Be4 Re8 27. f3 Bh4 28. Re2 Rg8+ 29. Rg2 Bxe4 30. fxe4 Bg5 31. Nd3 Nf7 32.
Kf2 Rf8 33. Bxg5 Nxg5+ 34. Ke3 Rf3+ 35. Ke2 Rh3 36. e5 dxe5 37. dxe5 Kg7 38.
Kd2 Kf7 39. Re2 Rh4 40. c5 Ke6 41. c6 bxc6 42. Nc5+ Ke7 43. Kd3 Ne6 44. Ne4
Nf4+ {White resigns} 0-1

[Event "ICC tourney 2940 (30 10)"]
[Site "Internet Chess Club"]
[Date "2022.06.18"]
[Round "3"]
[White "RAMKUMAR, NIKHIL:nikhilramkumar"]
[Black "West, Darryl L:Westman"]
[Result "0-1"]
[ICCResult "White resigns"]
[WhiteElo "1245"]
[BlackElo "1574"]
[Opening "Sicilian: closed"]
[ECO "B24"]
[NIC "SI.44"]
[Time "16:00:47"]
[PlyCount "166"]
[TimeControl "1800+10"]

1. e4 c5 2. Nc3 Nc6 3. g3 Nf6 4. Bg2 d6 5. f4 Bg4 6. Nge2 a6 7. d3 b5 8. h3
Bxe2 9. Nxe2 Rc8 10. Be3 e6 11. O-O Be7 12. g4 O-O 13. Ng3 Nd7 14. c3 Re8
15. f5 Bh4 16. fxe6 fxe6 17. Nh1 Qe7 18. Qe2 Nce5 19. Bf2 c4 20. d4 Nd3 21.
Bxh4 Qxh4 22. Nf2 Qg3 23. Nxd3 cxd3 24. Qf3 Qxf3 25. Rxf3 d2 26. Rd1 Nf6 27.
Rxd2 Nxe4 28. Re2 Ng5 29. Rfe3 b4 30. h4 bxc3 31. hxg5 c2 32. Rxc2 Rxc2 33.
Bd5 Kf7 34. Rf3+ Kg6 35. Be4+ Kxg5 36. Bxc2 Kxg4 37. Rf2 g6 38. Kg2 Re7 39.
Bd1+ Kg5 40. Rf3 h5 41. Kh3 Kh6 42. Rf6 Kg7 43. Rf4 Rc7 44. Re4 Kf6 45. Bb3
d5 46. Re3 g5 47. Rf3+ Kg6 48. Re3 Kf5 49. Re2 Rc1 50. Bc2+ Kf4 51. Kg2 g4
52. Bd3 h4 53. Rxe6 h3+ 54. Kh2 Rd1 55. Rf6+ Kg5 56. Rf5+ Kh4 57. Bf1 g3+
58. Kg1 Rxd4 59. Rf8 Rd2 60. Rh8+ Kg4 61. Rg8+ Kf4 62. Rf8+ Ke5 63. Re8+ Kd4
64. Rh8 g2 65. Bxg2 hxg2 66. Rh4+ Kd3 67. Rh3+ Kc2 68. Rb3 d4 69. Rb8 d3 70.
Rb3 Kc1 71. Rc3+ Kxb2 72. Rc6 Kxa2 73. Rxa6+ Kb3 74. Rb6+ Kc4 75. Rc6+ Kd4
76. Rc1 Ra2 77. Rd1 Kc3 78. Rb1 Re2 79. Rb8 d2 80. Rc8+ Kd4 81. Rd8+ Kc5 82.
Rd3 Re1+ 83. Kxg2 d1=Q {White resigns} 0-1

[Event "ICC tourney 2940 (30 10)"]
[Site "Internet Chess Club"]
[Date "2022.06.18"]
[Round "3"]
[White "NESAMANI, VIGNESHWARAN:MARMAYOGI11"]
[Black "WILLY, STEPHEN:stephenwilly"]
[Result "1/2-1/2"]
[ICCResult "Game drawn by repetition"]
[WhiteElo "1968"]
[BlackElo "1897"]
[Opening "Queen's bishop game"]
[ECO "D02"]
[NIC "QP.08"]
[Time "16:00:24"]
[PlyCount "98"]
[TimeControl "1800+10"]

1. d4 d5 2. Nf3 Nf6 3. Bf4 c5 4. e3 Nc6 5. c3 Qb6 6. b3 g6 7. h3 Bg7 8. Bd3
O-O 9. O-O Nd7 10. Be2 Rd8 11. Bg5 h6 12. Bh4 g5 13. Bg3 e5 14. dxe5 Ndxe5
15. Nxe5 Nxe5 16. Nd2 d4 17. cxd4 cxd4 18. Bxe5 dxe3 19. Nc4 exf2+ 20. Kh1
Rxd1 21. Raxd1 Qg6 22. Rd8+ Kh7 23. Rxf2 f5 24. Bd3 Bxe5 25. Rxc8 Rxc8 26.
Bxf5 Bf4 27. Bxg6+ Kxg6 28. a4 a6 29. a5 Rc5 30. g4 Bc7 31. Rd2 Rb5 32. Rd7
Bf4 33. Rd3 h5 34. Kg2 hxg4 35. hxg4 Bc7 36. Rd7 Bxa5 37. Nxa5 Rxa5 38. Rxb7
Kf6 39. Kf3 Ke5 40. Ke3 Rb5 41. Rxb5+ axb5 42. b4 Kd5 43. Kd3 Ke5 44. Ke3
Kd5 45. Kd3 Ke5 46. Ke3 Kd5 47. Kd3 Ke5 48. Ke3 Kd5 49. Kd3 Ke5
{Game drawn by repetition}
1/2-1/2

[Event "ICC tourney 2940 (30 10)"]
[Site "Internet Chess Club"]
[Date "2022.06.18"]
[Round "3"]
[White "SCHENK, SAM:SupaHotFiya"]
[Black "TAO, SIHAN:K06-16931716"]
[Result "1/2-1/2"]
[ICCResult "Game drawn by repetition"]
[WhiteElo "1906"]
[BlackElo "1894"]
[Opening "Sicilian: dragon, Yugoslav attack, Rauser variation"]
[ECO "B76"]
[NIC "SI.17"]
[Time "16:00:25"]
[PlyCount "84"]
[TimeControl "1800+10"]

1. e4 c5 2. Nf3 d6 3. d4 cxd4 4. Nxd4 Nf6 5. Nc3 g6 6. Be3 Bg7 7. f3 O-O 8.
Qd2 Nc6 9. O-O-O d5 10. Nxc6 bxc6 11. Bc4 e6 12. Bb3 a5 13. a4 Qc7 14. Bh6
Ba6 15. Bxg7 Kxg7 16. h4 h5 17. g4 Rfd8 18. exd5 cxd5 19. Rdg1 Bc4 20. Bxc4
Qxc4 21. gxh5 Nxh5 22. Rg4 d4 23. Qg5 Qc6 24. Qxh5 dxc3 25. Qe5+ Kf8 26.
Qxc3 Qxc3 27. bxc3 Rdc8 28. h5 gxh5 29. Rxh5 Ke7 30. c4 f5 31. Rd4 Rab8 32.
Rh7+ Kf6 33. Ra7 Rc5 34. f4 Rb4 35. Rdd7 Rbxc4 36. Rf7+ Kg6 37. Rg7+ Kh5 38.
Rg2 Kh6 39. Ra8 Kh7 40. Ra7+ Kh6 41. Ra8 Kh7 42. Ra7+ Kh6
{Game drawn by repetition}
1/2-1/2

[Event "ICC tourney 2940 (30 10)"]
[Site "Internet Chess Club"]
[Date "2022.06.18"]
[Round "3"]
[White "BARANWAL, SUVAN:suvanba"]
[Black "LOCHAM, DIVJOT SINGH:winner08"]
[Result "1-0"]
[ICCResult "Black checkmated"]
[WhiteElo "1395"]
[BlackElo "1750"]
[Opening "Scotch: Göring gambit"]
[ECO "C44"]
[NIC "SO.06"]
[Time "16:00:47"]
[PlyCount "109"]
[TimeControl "1800+10"]

1. e4 e5 2. Nf3 Nc6 3. d4 exd4 4. c3 d5 5. exd5 Qxd5 6. cxd4 Bg4 7. Be2
O-O-O 8. Nc3 Bb4 9. O-O Bxc3 10. bxc3 Nf6 11. Qb3 Qxb3 12. axb3 a6 13. Bg5
Rde8 14. Bd3 Ne4 15. Bxe4 Rxe4 16. Rfe1 Rhe8 17. Re3 f6 18. Rxe4 Rxe4 19.
Be3 Ne7 20. h3 Bh5 21. c4 f5 22. Ng5 Rxe3 23. fxe3 h6 24. Ne6 g5 25. Rf1 Bf7
26. Nc5 a5 27. g4 Bg6 28. gxf5 Bxf5 29. e4 b6 30. exf5 bxc5 31. f6 Ng6 32.
dxc5 Kd7 33. Ra1 Ke6 34. Rxa5 Kxf6 35. Ra6+ Kf5 36. Rxg6 Kxg6 37. b4 Kf6 38.
b5 Ke6 39. b6 cxb6 40. cxb6 Kd7 41. c5 Kc6 42. Kg2 h5 43. Kg3 Kb7 44. Kf3
Kc6 45. Ke4 Kxc5 46. b7 g4 47. b8=Q gxh3 48. Qh2 h4 49. Qxh3 Kd6 50. Qxh4
Ke6 51. Qh6+ Kf7 52. Ke5 Ke7 53. Qg7+ Ke8 54. Kd6 Kd8 55. Qg8#
{Black checkmated}
1-0

[Event "ICC tourney 2940 (30 10)"]
[Site "Internet Chess Club"]
[Date "2022.06.18"]
[Round "3"]
[White "INDUKURI, SUHAS VARMA:Suhas12"]
[Black "GEVORGYAN, DAVIT:Davo29"]
[Result "0-1"]
[ICCResult "White checkmated"]
[WhiteElo "1510"]
[BlackElo "1715"]
[Opening "Sicilian: Pelikan, Chelyabinsk variation"]
[ECO "B33"]
[NIC "SI.37"]
[Time "16:00:26"]
[PlyCount "118"]
[TimeControl "1800+10"]

1. e4 c5 2. Nf3 Nc6 3. d4 cxd4 4. Nxd4 Nf6 5. Nc3 e5 6. Ndb5 d6 7. Bg5 a6 8.
Na3 b5 9. Nd5 Be7 10. Bxf6 Bxf6 11. c3 O-O 12. Be2 Bg5 13. O-O Be6 14. Nc2
Ne7 15. Ncb4 a5 16. Nxe7+ Qxe7 17. Nd5 Qb7 18. Qb3 Bxd5 19. exd5 b4 20. a3
Rab8 21. Rab1 bxc3 22. Qxb7 Rxb7 23. bxc3 Rfb8 24. Bd3 g6 25. Rxb7 Rxb7 26.
Rb1 Rxb1+ 27. Bxb1 f5 28. Kf1 Bd2 29. c4 Kf7 30. Ke2 Bc1 31. a4 e4 32. f3
exf3+ 33. Kxf3 Kf6 34. h4 Ke5 35. Ke2 Kd4 36. Bd3 Bf4 37. h5 Kc3 38. hxg6
hxg6 39. c5 dxc5 40. Bb5 c4 41. Kd1 Kb3 42. Ba6 c3 43. Bd3 Kxa4 44. Kc2 Kb4
45. Kb1 Kc5 46. Kc2 Be5 47. g4 fxg4 48. Bxg6 Kxd5 49. Bh5 g3 50. Bf3+ Kd4
51. Bc6 Ke3 52. Kb3 a4+ 53. Kxa4 c2 54. Bh1 c1=Q 55. Bd5 Kd4 56. Bb3 Kc5 57.
Ka5 Qa3+ 58. Ba4 Qb4+ 59. Ka6 Qb6# {White checkmated} 0-1

[Event "ICC tourney 2940 (30 10)"]
[Site "Internet Chess Club"]
[Date "2022.06.18"]
[Round "3"]
[White "BORGE, RONALD:LOCHAR"]
[Black "MURILLO, JAIME:Otelo"]
[Result "1-0"]
[ICCResult "Black resigns"]
[WhiteElo "1594"]
[BlackElo "1950"]
[Opening "English: Caro-Kann defensive system"]
[ECO "A11"]
[NIC "EO.64"]
[Time "16:00:27"]
[PlyCount "109"]
[TimeControl "1800+10"]

1. c4 c6 2. Nc3 d5 3. cxd5 cxd5 4. d4 Nf6 5. Bg5 Nbd7 6. Nf3 h6 7. Bf4 a6 8.
e3 e6 9. h3 b5 10. Bd3 Bb7 11. O-O Be7 12. Rc1 Rc8 13. Ne5 Nxe5 14. Bxe5 O-O
15. Bxf6 Bxf6 16. b4 Qd6 17. a3 e5 18. Ne2 e4 19. Bb1 Bg5 20. Ba2 Rxc1 21.
Qxc1 Rc8 22. Qd2 a5 23. Rc1 Rxc1+ 24. Nxc1 axb4 25. axb4 Be7 26. Ne2 g5 27.
Ng3 Qxb4 28. Qxb4 Bxb4 29. Nf5 Bf8 30. Kf1 Kh7 31. g4 b4 32. Kg2 Kg6 33. Kg3
h5 34. Kg2 h4 35. Bb3 Bc6 36. f3 exf3+ 37. Kxf3 Kf6 38. Kf2 Bd7 39. Bxd5
Bxf5 40. gxf5 Kxf5 41. Bxf7 Ke4 42. Bc4 Bd6 43. Bb3 Kd3 44. Kf3 Kc3 45. Bg8
b3 46. Kg4 b2 47. Bh7 Be7 48. d5 Kd2 49. Kf3 Kc1 50. Kg4 b1=Q 51. Bxb1 Kxb1
52. e4 Kc2 53. e5 Kd3 54. d6 Bd8 55. e6 {Black resigns} 1-0

[Event "ICC tourney 2940 (30 10)"]
[Site "Internet Chess Club"]
[Date "2022.06.18"]
[Round "3"]
[White "YUAN, SERENA:doudou2011"]
[Black "DUBE, DANIEL:betterone76"]
[Result "1/2-1/2"]
[ICCResult "Game drawn because neither player has mating material"]
[WhiteElo "1641"]
[BlackElo "1850"]
[Opening "Queen's pawn game"]
[ECO "E67"]
[NIC "KI.79"]
[Time "16:00:29"]
[PlyCount "137"]
[TimeControl "1800+10"]

1. d4 Nf6 2. Nf3 d6 3. g3 g6 4. Bg2 Bg7 5. O-O O-O 6. c4 Nbd7 7. Nc3 a5 8.
e4 e5 9. d5 Nc5 10. Qc2 Nh5 11. Be3 b6 12. a3 f5 13. b4 fxe4 14. Nxe4 Nxe4
15. Qxe4 Bf5 16. Qh4 Qxh4 17. Nxh4 Bd3 18. Rfd1 Bxc4 19. Rac1 b5 20. Bf1
axb4 21. Bxc4 bxc4 22. axb4 Rab8 23. Rxc4 Rb7 24. Rdc1 Rf7 25. Bg5 Bf6 26.
Nf3 Kg7 27. Bxf6+ Kxf6 28. h4 h6 29. g4 Nf4 30. g5+ hxg5 31. Nxg5 Re7 32.
Rd1 Rb5 33. Ne4+ Kg7 34. Nc3 Rb7 35. Ne4 Ne2+ 36. Kf1 Nd4 37. Rdc1 Kh6 38.
Ng3 Nb5 39. Ne4 Ra7 40. Ng5 Ra2 41. Ne6 Rf7 42. R4c2 Rxc2 43. Rxc2 Kh5 44.
Rc4 Re7 45. Kg2 Kh6 46. Kg3 Re8 47. Kh3 Kh7 48. Ng5+ Kg7 49. Ne6+ Kf6 50.
Rc6 Rxe6 51. dxe6 Kxe6 52. Kg4 Kf6 53. f3 Kg7 54. Kg5 Kf7 55. Rc1 Kg7 56.
Rc6 Kf7 57. Ra6 Nd4 58. Ra3 Ne6+ 59. Kg4 Ke7 60. h5 gxh5+ 61. Kxh5 Nd4 62.
Kg4 Kd7 63. Rd3 c5 64. bxc5 dxc5 65. f4 exf4 66. Kxf4 Kd6 67. Ke4 Kc6 68.
Rxd4 cxd4 69. Kxd4 {Game drawn because neither player has mating material}
1/2-1/2

[Event "ICC tourney 2940 (30 10)"]
[Site "Internet Chess Club"]
[Date "2022.06.18"]
[Round "3"]
[White "LU, JOSHUA:qingjoshua"]
[Black "SHAWKAT, SAIF:saif-shawkat"]
[Result "1-0"]
[ICCResult "Black resigns"]
[WhiteElo "1880"]
[BlackElo "1889"]
[Opening "English opening"]
[ECO "A10"]
[NIC "EO.64"]
[Time "16:00:27"]
[PlyCount "71"]
[TimeControl "1800+10"]

1. c4 g6 2. g3 Bg7 3. Bg2 Nf6 4. Nc3 O-O 5. Rb1 c6 6. Nf3 d5 7. cxd5 cxd5 8.
d3 Nc6 9. O-O h6 10. b4 d4 11. Na4 Be6 12. a3 Ba2 13. Ra1 Bd5 14. Nc5 Qb6
15. Nd2 Bxg2 16. Kxg2 a5 17. Nc4 Qc7 18. b5 Ne5 19. Bf4 Qxc5 20. Bxe5 Qxb5
21. Bxf6 Bxf6 22. a4 Qc6+ 23. Kg1 h5 24. Qb3 Rfb8 25. Rfc1 Qd5 26. Rab1 Ra6
27. Nb6 Qd6 28. Qb5 Rd8 29. Rc2 h4 30. Nc4 Qc6 31. Qxb7 Qxa4 32. Rcb2 Re6
33. Qc7 Ra8 34. Nb6 Rxb6 35. Rxb6 Qc2 36. Qxc2 {Black resigns} 1-0

[Event "ICC tourney 2940 (30 10)"]
[Site "Internet Chess Club"]
[Date "2022.06.18"]
[Round "3"]
[White "QI, JENNY:eevee11"]
[Black "S.M, UMER:uncrackable"]
[Result "0-1"]
[ICCResult "White checkmated"]
[WhiteElo "1448"]
[BlackElo "1800"]
[Opening "Sicilian: Anderssen variation"]
[ECO "B41"]
[NIC "SI.41"]
[Time "16:00:28"]
[PlyCount "110"]
[TimeControl "1800+10"]

1. e4 c5 2. Nf3 e6 3. d4 cxd4 4. Nxd4 Nf6 5. Nc3 Nc6 6. Ndb5 Bc5 7. Nd6+ Ke7
8. Nxc8+ Rxc8 9. Be2 Qc7 10. O-O h5 11. Bd2 Ng4 12. Bxg4 hxg4 13. g3 Rh3 14.
Qxg4 Rch8 15. Bf4 Qa5 16. Bg5+ Kf8 17. Bh4 R3xh4 18. gxh4 Ne5 19. Qg3 Rxh4
20. Kh1 Be7 21. Nd5 Ng4 22. Nxe7 Qh5 23. f3 Rxh2+ 24. Kg1 Qc5+ 25. Rf2 Rxf2
26. Qxg4 Rxc2+ 27. Kh1 Qf2 28. Qh3 Kxe7 29. Rf1 Qd2 30. Qh4+ g5 31. Qh3 Rc1
32. Qg2 Qxg2+ 33. Kxg2 Rxf1 34. Kxf1 f5 35. Kf2 Kd6 36. exf5 exf5 37. Ke3
Kc5 38. Kd3 g4 39. fxg4 fxg4 40. Ke3 d5 41. Kf4 Kd4 42. Kxg4 Ke3 43. Kg3 d4
44. Kg2 Ke2 45. Kg3 d3 46. Kf4 d2 47. Ke5 d1=Q 48. Kf6 Qd4+ 49. Kg6 Qxb2 50.
Kh7 Qxa2 51. Kg6 Qe6+ 52. Kh5 Qg8 53. Kh4 Qg6 54. Kh3 Kf3 55. Kh2 Qg2#
{White checkmated}
0-1

[Event "ICC tourney 2940 (30 10)"]
[Site "Internet Chess Club"]
[Date "2022.06.18"]
[Round "4"]
[White "MARKOVIC, GORAN:Goran21"]
[Black "TANG, VINCENT:VincentT2008"]
[Result "1-0"]
[ICCResult "Black resigns"]
[WhiteElo "1805"]
[BlackElo "1707"]
[Opening "Ruy Lopez: exchange, Gligoric variation"]
[ECO "C69"]
[NIC "RL.08"]
[Time "18:00:33"]
[PlyCount "105"]
[TimeControl "1800+10"]

1. e4 e5 2. Nf3 Nc6 3. Bb5 a6 4. Bxc6 dxc6 5. O-O f6 6. d4 exd4 7. Nxd4 c5
8. Nb3 Qxd1 9. Rxd1 Bg4 10. f3 Bd7 11. Nc3 O-O-O 12. Be3 c4 13. Nc5 Bd6 14.
Nxd7 Rxd7 15. a4 Ne7 16. g3 Rhd8 17. Kf2 Bb4 18. Rxd7 Rxd7 19. Ne2 f5 20. c3
Ba5 21. e5 Nd5 22. Bc5 Bb6 23. Bxb6 Nxb6 24. Nd4 g6 25. a5 Nd5 26. f4 c5 27.
Ne6 Ne7 28. Ke2 Rd5 29. Ra4 Kd7 30. Ng5 h6 31. Nf3 Nc6 32. Nd2 g5 33. Nxc4
Ke6 34. Ne3 Rd7 35. Nc4 gxf4 36. gxf4 Rg7 37. Ne3 Rg1 38. Rc4 Rh1 39. Rxc5
Rxh2+ 40. Kf3 Rxb2 41. Rd5 Ne7 42. Rd6+ Kf7 43. Rxh6 Rb3 44. c4 Ra3 45. Rb6
Rxa5 46. Rxb7 Ra3 47. Ke2 Ke6 48. Rb6+ Kd7 49. Nd5 Ra2+ 50. Kd3 Ra3+ 51. Kc2
Nc8 52. Rb7+ Ke6 53. Rc7 {Black resigns} 1-0

[Event "ICC tourney 2940 (30 10)"]
[Site "Internet Chess Club"]
[Date "2022.06.18"]
[Round "4"]
[White "PRIYADARSHI, VED:ved2006"]
[Black "Mishra, Abhinav:acm9000"]
[Result "1-0"]
[ICCResult "Black resigns"]
[WhiteElo "1603"]
[BlackElo "1208"]
[Opening "QGD Slav: 4.e3"]
[ECO "D11"]
[NIC "QP.08"]
[Time "18:00:18"]
[PlyCount "69"]
[TimeControl "1800+10"]

1. d4 d5 2. Nf3 Nf6 3. e3 c6 4. c4 Bg4 5. Qb3 Qc7 6. Ne5 Bd7 7. Nxd7 Nbxd7
8. Nc3 e6 9. Bd3 Bd6 10. h3 O-O 11. O-O a5 12. e4 dxc4 13. Bxc4 b5 14. Bd3
a4 15. Qc2 Bb4 16. Nxb5 Qb7 17. Nc3 Bxc3 18. bxc3 e5 19. Ba3 Rfe8 20. Rfe1
Nh5 21. g3 Qc7 22. Be2 Nxg3 23. fxg3 exd4 24. Kg2 dxc3 25. Qxc3 Rxe4 26. Bf3
Rxe1 27. Rxe1 Rd8 28. Qxc6 Qa7 29. Re7 Qd4 30. Qe4 Qxe4 31. Rxe4 Nb6 32. Bc5
Nd7 33. Bf2 h6 34. Rxa4 Ne5 35. Ra8 {Black resigns} 1-0

[Event "ICC tourney 2940 (30 10)"]
[Site "Internet Chess Club"]
[Date "2022.06.18"]
[Round "4"]
[White "MURILLO, JAIME:Otelo"]
[Black "West, Darryl L:Westman"]
[Result "1-0"]
[ICCResult "Black resigns"]
[WhiteElo "1950"]
[BlackElo "1574"]
[Opening "Benoni defense"]
[ECO "A60"]
[NIC "BI.38"]
[Time "18:00:14"]
[PlyCount "63"]
[TimeControl "1800+10"]

1. d4 Nf6 2. c4 c5 3. d5 e6 4. dxe6 fxe6 5. Nc3 Be7 6. Nf3 O-O 7. e4 Nc6 8.
e5 Ng4 9. Qe2 Nd4 10. Nxd4 Nxf2 11. Nf3 Nxh1 12. g3 b6 13. Bg2 Nxg3 14. hxg3
Bb7 15. Bf4 g5 16. Bd2 h6 17. O-O-O a6 18. Ne4 Qc7 19. Bc3 b5 20. Nd6 Bc6
21. Qd3 Kg7 22. Rh1 b4 23. Bd2 Rh8 24. Be3 Raf8 25. Ne4 Bxe4 26. Qxe4 d5 27.
exd6 Qxd6 28. Ne5 Rf5 29. Nd3 Qxg3 30. Bh3 Rf3 31. Ne5 Rh7 32. Nxf3
{Black resigns}
1-0

[Event "ICC tourney 2940 (30 10)"]
[Site "Internet Chess Club"]
[Date "2022.06.18"]
[Round "4"]
[White "DUBE, DANIEL:betterone76"]
[Black "INDUKURI, SUHAS VARMA:Suhas12"]
[Result "1-0"]
[ICCResult "Black checkmated"]
[WhiteElo "1850"]
[BlackElo "1510"]
[Opening "QGD: Tarrasch, Prague variation"]
[ECO "D33"]
[NIC "QI.01"]
[Time "18:00:34"]
[PlyCount "117"]
[TimeControl "1800+10"]

1. d4 Nf6 2. Nf3 e6 3. c4 d5 4. g3 c5 5. cxd5 exd5 6. Nc3 Nc6 7. Bg2 Be6 8.
O-O Be7 9. Bg5 b6 10. Qa4 Qd7 11. Rfd1 O-O 12. Ne5 Nxe5 13. dxe5 Qxa4 14.
Nxa4 b5 15. Nc3 d4 16. Nxb5 Nd5 17. Bxd5 Bxg5 18. Bxa8 Rxa8 19. Nc7 Rb8 20.
Nxe6 fxe6 21. f4 Be7 22. Rab1 a5 23. b3 Kf7 24. Kf2 Ke8 25. Kf3 h5 26. e3
dxe3 27. Kxe3 g5 28. Ke4 gxf4 29. gxf4 h4 30. Rbc1 Rc8 31. Rc4 Rc7 32. f5
Kf7 33. f6 Bf8 34. Rg1 Rc6 35. Rg4 Rc7 36. Rxh4 Kg8 37. Ke3 Rh7 38. Rxh7
Kxh7 39. Rg4 Bh6+ 40. Kd3 Bc1 41. f7 Bh6 42. Rg8 Bg7 43. f8=Q Bxf8 44. Rxf8
Kg7 45. Rc8 Kf7 46. Rxc5 Kg6 47. Rxa5 Kh5 48. Ra7 Kg4 49. Rg7+ Kf5 50. Kd4
Kf4 51. h4 Kf5 52. h5 Kf4 53. h6 Kf5 54. h7 Kf4 55. h8=Q Kf3 56. Qf8+ Ke2
57. Rg2+ Ke1 58. Qf2+ Kd1 59. Rg1# {Black checkmated} 1-0

[Event "ICC tourney 2940 (30 10)"]
[Site "Internet Chess Club"]
[Date "2022.06.18"]
[Round "4"]
[White "SHAWKAT, SAIF:saif-shawkat"]
[Black "Doan Giang, Nguyen Doan:Doctorstrange04"]
[Result "1-0"]
[ICCResult "Black resigns"]
[WhiteElo "1889"]
[BlackElo "1750"]
[Opening "Sicilian: Nimzovich-Rossolimo attack (with ...g6, without ...d6)"]
[ECO "B31"]
[NIC "SI.31"]
[Time "18:00:15"]
[PlyCount "69"]
[TimeControl "1800+10"]

1. e4 c5 2. Nf3 Nc6 3. Bb5 g6 4. Bxc6 dxc6 5. d3 Bg7 6. h3 Nf6 7. Nc3 Nd7 8.
Be3 e5 9. Qd2 h6 10. O-O b6 11. a4 a5 12. Nh2 Nf8 13. f4 exf4 14. Bxf4 Ne6
15. Be3 Nd4 16. Nf3 Be6 17. Rae1 g5 18. e5 Nxf3+ 19. Rxf3 Bxe5 20. Bxc5 Bd4+
21. Bxd4 Qxd4+ 22. Kh1 O-O-O 23. Re4 Qd6 24. Qf2 Kb7 25. Rf6 Qc7 26. b4 axb4
27. Rxb4 c5 28. Rb1 Qe5 29. Ne4 g4 30. Nxc5+ Ka8 31. Nxe6 Rb8 32. Nd4 gxh3
33. Rxf7 Qd5 34. Nb5 Rb7 35. Rf8+ {Black resigns} 1-0

[Event "ICC tourney 2940 (30 10)"]
[Site "Internet Chess Club"]
[Date "2022.06.18"]
[Round "4"]
[White "WILLY, STEPHEN:stephenwilly"]
[Black "LU, JOSHUA:qingjoshua"]
[Result "1-0"]
[ICCResult "Black checkmated"]
[WhiteElo "1897"]
[BlackElo "1880"]
[Opening "Caro-Kann: two knights variation"]
[ECO "B11"]
[NIC "CK.01"]
[Time "18:00:33"]
[PlyCount "103"]
[TimeControl "1800+10"]

1. e4 c6 2. Nc3 d5 3. Nf3 dxe4 4. Nxe4 Nf6 5. Qe2 Nxe4 6. Qxe4 Qd5 7. Qf4
Qf5 8. Qc4 Qe6+ 9. Qxe6 Bxe6 10. d4 Bf5 11. c3 Nd7 12. Bf4 e6 13. Ne5 Nb6
14. g4 Be4 15. f3 Bg6 16. h4 f6 17. Nxg6 hxg6 18. Bd3 g5 19. Bg3 Kd7 20. Kf2
gxh4 21. Rxh4 Rxh4 22. Bxh4 Bd6 23. c4 Rh8 24. Bg3 Bxg3+ 25. Kxg3 Nc8 26. f4
Nd6 27. Re1 b6 28. b4 b5 29. c5 Nf7 30. a4 bxa4 31. b5 e5 32. dxe5 fxe5 33.
fxe5 Ng5 34. e6+ Ke7 35. bxc6 Rc8 36. Re5 Nh7 37. Bxh7 Rxc6 38. Be4 Rxe6 39.
Kf4 a3 40. Bd5 Rxe5 41. Kxe5 Kd7 42. g5 a5 43. g6 a4 44. Kd4 Kc7 45. Ba2 Kc6
46. Kc4 Kc7 47. Kb5 Kb7 48. c6+ Kc7 49. Kc5 Kc8 50. Kb6 Kb8 51. c7+ Kc8 52.
Be6# {Black checkmated} 1-0

[Event "ICC tourney 2940 (30 10)"]
[Site "Internet Chess Club"]
[Date "2022.06.18"]
[Round "4"]
[White "GEVORGYAN, DAVIT:Davo29"]
[Black "QI, JENNY:eevee11"]
[Result "1-0"]
[ICCResult "Black checkmated"]
[WhiteElo "1715"]
[BlackElo "1448"]
[Opening "Scandinavian defense"]
[ECO "B01"]
[NIC "SD.03"]
[Time "18:00:34"]
[PlyCount "73"]
[TimeControl "1800+10"]

1. e4 d5 2. exd5 Nf6 3. Nc3 Nxd5 4. Nf3 Bg4 5. Be2 Nc6 6. d4 Nxc3 7. bxc3 g6
8. O-O Bg7 9. h3 Bd7 10. Bf4 e6 11. Qd2 O-O 12. Rab1 Rb8 13. c4 Ne7 14. Ne5
Nc6 15. Nxd7 Qxd7 16. d5 Ne7 17. Rfd1 e5 18. Be3 b6 19. c5 Nf5 20. Bg4 Qe7
21. cxb6 axb6 22. Bxf5 gxf5 23. Bh6 Bxh6 24. Qxh6 f6 25. c4 Qg7 26. Qxg7+
Kxg7 27. d6 cxd6 28. Rxd6 Ra8 29. Rbxb6 Rxa2 30. c5 Rc2 31. Rb7+ Kg6 32. c6
Rc8 33. Rdd7 R2xc6 34. Rg7+ Kh6 35. Rxh7+ Kg5 36. Rbg7+ Kf4 37. Rh4#
{Black checkmated}
1-0